AoeStats
← PepperoniPizza

Arena

505742560Analyzed
1v1 RM · 22d ago on Sep 10, 2026· 37m 28s· 2 players
Game mode
Random Map
Map size
Tiny (2 player)
Population
200
Speed
Normal
Resources
Standard
Victory
Conquest
Starting age
Dark Age
Ending age
Imperial Age
RankedLock teamsTeams togetherTeam positionsShared explorationLock speedFull tech treeHidden civsTurbo modeCheats
Victory
Defeat
🇺🇸 Spanish · United States
1155
+17
🇩🇪 Lithuanians · Germany
1179
-17
LtArtemisYo
11:29 Feudal Age
15:27 Castle Age
14:35 Double-Bit Axe
14:33 Horse Collar
15:34 Loom
19:11 Gold Mining
22:57 Forging
26:14 Squires
27:10 Pikeman
31:05 Imperial Age
30:31 Wheelbarrow
30:51 Heavy Plow
32:24 Scale Mail Armor
35:08 Halberdier
36:51 Hand Cart
37:40 Iron Casting
PepperoniPizza
9:55 Loom
11:41 Feudal Age
16:13 Castle Age
15:10 Double-Bit Axe
18:53 Town Watch
27:14 Fletching
27:45 Horse Collar
30:16 Wheelbarrow
33:04 Imperial Age
30:35 Stone Mining
30:36 Gold Mining
31:12 Scale Barding Armor
32:08 Bodkin Arrow
32:19 Padded Archer Armor
33:13 Chain Barding Armor
33:55 Elite Leitis
36:54 Forging
Connection lost

Rejoining the realm…

Still unreachable

The connection could not be restored.

Session expired

The server has moved on; the page needs a fresh start.